AoeStats
← 17_Neo_

Arena

510218438Analyzed
4v4 RM · 2d ago on Sep 30, 2026· 51m 5s· 8 players
Game mode
Random Map
Map size
Large (8 player)
Population
200
Speed
Normal
Resources
Standard
Victory
Conquest
Starting age
Dark Age
Ending age
Imperial Age
RankedLock teamsTeams togetherTeam positionsShared explorationLock speedFull tech treeHidden civsTurbo modeCheats
Victory
Defeat
🇨🇴 Koreans · Colombia
1415
+10
🇨🇴 Teutons · Colombia
1394
+11
🇨🇴 Celts · Colombia
1307
+14
🇨🇴 Bohemians · Colombia
1298
+15
🇺🇸 Saxons · United States
1356
-16
🇦🇷 Maya · Argentina
1339
-15
🇺🇸 Khmer · United States
1208
-10
🇺🇸 Persians · United States
1181
-9
SLAMFOX
12:04 Feudal Age
15:39 Castle Age
13:43 Double-Bit Axe
13:41 Horse Collar
17:33 Bow Saw
21:14 Heavy Plow
22:02 Wheelbarrow
22:14 Gold Mining
23:26 Hand Cart
25:04 Scale Barding Armor
25:09 Forging
25:53 Bloodlines
25:44 Husbandry
26:07 Chain Barding Armor
29:11 Iron Casting
33:35 Imperial Age
33:25 Kamandaran
34:30 Plate Barding Armor
34:56 Blast Furnace
33:18 Heavy Camel Rider
36:20 Fletching
36:30 Padded Archer Armor
36:15 Crossbowman
37:01 Thumb Ring
38:42 Chemistry
38:02 Ballistics
37:55 Bodkin Arrow
39:02 Gold Shaft Mining
38:17 Stone Mining
38:54 Leather Archer Armor
42:02 Conscription
45:13 Elite War Elephant
47:10 Ring Archer Armor
47:09 Devotion
_StuNNa_
9:43 Feudal Age
13:32 Castle Age
12:42 Double-Bit Axe
12:42 Horse Collar
16:33 Loom
18:58 Bow Saw
20:09 Heavy Plow
21:03 Loom
22:43 Wheelbarrow
22:17 Stone Mining
23:46 Stone Shaft Mining
24:24 Gold Mining
25:32 Husbandry
25:57 Scale Barding Armor
26:07 Forging
32:08 Imperial Age
30:43 Gold Shaft Mining
30:25 Bloodlines
32:10 Chain Barding Armor
32:29 Iron Casting
32:54 Hand Cart
33:38 Crop Rotation
32:34 Cavalier
32:36 Onager
36:48 Plate Barding Armor
37:13 Blast Furnace
37:14 Light Cavalry
38:23 Hussar
41:11 Conscription
SLAMCOW
9:35 Feudal Age
12:09 Town Watch
12:17 Double-Bit Axe
15:48 Castle Age
17:48 Bow Saw
17:31 Stone Mining
18:35 Wheelbarrow
18:00 Horse Collar
32:29 Hand Cart
42:17 Gold Mining
48:00 Imperial Age
45:12 Crossbowman
45:58 Thumb Ring
45:45 Fletching
45:55 Padded Archer Armor
49:04 Arbalester
51:12 Murder Holes
51:17 Bodkin Arrow
ValkriaN
0:41 Loom
11:44 Feudal Age
12:13 Feudal Age
13:35 Double-Bit Axe
13:32 Horse Collar
16:34 Castle Age
17:35 Bow Saw
18:12 Heavy Plow
21:52 Wheelbarrow
25:44 Hand Cart
25:26 Gold Mining
25:26 Stone Mining
27:03 Stone Shaft Mining
31:23 Imperial Age
30:04 Thumb Ring
29:54 Fletching
30:04 Padded Archer Armor
30:35 Bodkin Arrow
32:27 Bracer
32:42 Leather Archer Armor
33:26 Conscription
34:12 Ballistics
34:53 Chemistry
33:34 Treadmill Crane
33:28 Elite Plumed Archer
35:40 Ring Archer Armor
34:42 Onager
37:10 Hul'che Javelineers
37:30 Elite Skirmisher
42:12 Two-Man Saw
44:09 Crop Rotation
47:17 Town Watch
Mhao
11:33 Feudal Age
16:19 Castle Age
14:23 Stone Mining
14:46 Double-Bit Axe
14:59 Horse Collar
16:16 Loom
18:24 Wheelbarrow
18:00 Bow Saw
18:24 Heavy Plow
28:02 Scale Mail Armor
30:04 Hand Cart
31:06 Town Watch
34:58 Imperial Age
33:38 Town Patrol
33:02 Pikeman
33:28 Gambesons
33:53 Gold Mining
34:38 Stone Shaft Mining
34:35 Fortified Wall
35:14 Chain Mail Armor
35:09 Forging
36:41 Gold Shaft Mining
36:41 Stone Shaft Mining
35:50 Halberdier
37:55 Iron Casting
37:53 Plate Mail Armor
39:10 Conscription
41:06 Capped Ram
44:47 Ballistics
46:15 Elite Woad Raider
50:08 Heavy Scorpion
52:37 Chemistry
51:32 Murder Holes
RAGNAROK
12:14 Feudal Age
14:16 Wheelbarrow
16:39 Castle Age
14:53 Double-Bit Axe
14:49 Horse Collar
16:14 Bloodlines
16:10 Scale Barding Armor
26:19 Chain Barding Armor
27:49 Heavy Plow
28:27 Forging
31:23 Gold Mining
31:24 Stone Mining
33:24 Iron Casting
35:27 Imperial Age
33:19 Hand Cart
32:51 Loom
33:16 Scale Mail Armor
34:34 Stone Shaft Mining
34:37 Pikeman
35:17 Squires
35:37 Chain Mail Armor
35:38 Halberdier
36:41 Conscription
37:04 Plate Barding Armor
35:51 Cavalier
38:17 Blast Furnace
43:11 Paladin
49:07 Plate Mail Armor
Logan
11:09 Feudal Age
13:12 Wheelbarrow
15:47 Castle Age
17:59 Double-Bit Axe
17:57 Horse Collar
19:46 Bow Saw
26:33 Loom
27:04 Hand Cart
34:10 Imperial Age
35:28 Scale Mail Armor
34:59 Pikeman
35:44 Squires
35:56 Forging
36:03 Halberdier
38:08 Chain Mail Armor
40:04 Plate Mail Armor
40:10 Iron Casting
41:53 Arson
52:29 Blast Furnace
17_Neo_
5:05 Loom
10:32 Feudal Age
12:16 Wheelbarrow
14:49 Castle Age
12:44 Double-Bit Axe
12:40 Horse Collar
22:41 Bow Saw
23:09 Heavy Plow
23:17 Stone Mining
23:31 Gold Mining
28:46 Imperial Age
26:54 Hand Cart
27:29 Town Watch
28:43 Ballistics
28:47 Elite War Wagon
29:54 Conscription
30:36 Chemistry
29:28 Fletching
30:20 Eupseong
30:21 Bodkin Arrow
31:05 Squires
31:10 Bracer
30:51 Pikeman
31:32 Scale Mail Armor
31:43 Forging
31:21 Halberdier
32:56 Chain Mail Armor
34:05 Iron Casting
34:34 Siege Engineers
35:44 Plate Mail Armor
40:59 Two-Man Saw
42:46 Shinkichon
45:41 Elite Skirmisher
46:27 Thumb Ring
Connection lost

Rejoining the realm…

Still unreachable

The connection could not be restored.

Session expired

The server has moved on; the page needs a fresh start.